 Dungeon Crawl Stone Soup version 0.22-a0-303-g4a852b3 (webtiles) character file.

287 vishdafish the Covered (level 6, -10/58 HPs)
             Began as a Gargoyle Fighter on Mar 27, 2018.
             Killed by divine providence
             ... invoked by an orc priest
              (12 damage)
             ... on level 4 of the Dungeon.
             The game lasted 00:06:00 (2764 turns).

vishdafish the Covered (Gargoyle Fighter)           Turns: 2764, Time: 00:06:01

Health: -10/58     AC: 21    Str: 19    XL:     6   Next: 30%
Magic:  6/6        EV:  2    Int: 16    God:
Gold:   126        SH:  9    Dex:  9    Spells: 5/5 levels left

rFire    + . .     SeeInvis +   a - +0 long sword
rCold    + . .     Gourm    .   c - +0 shield
rNeg     + + +     Faith    .   (armour currently unavailable)
rPois    ∞         Spirit   .   (helmet currently unavailable)
rElec    +         Reflect  .   (cloak currently unavailable)
rCorr    +         Harm     .   (gloves currently unavailable)
MR       .....     NoTele   +   (boots currently unavailable)
Stlth    +.........             (no amulet)
HPRegen  0.19/turn              g - -2 ring of protection (curse)
MPRegen  0.10/turn              p - ring of see invisible

@: brilliant, tree-form, resistant
A: negative energy resistance 1, petrification resistance, rot immunity, AC +4
a: no special abilities


You were on level 4 of the Dungeon.
You were not hungry.
You were a tree.
You visited 1 branch of the dungeon, and saw 4 of its levels.

You collected 126 gold pieces.

Inventory:

Hand Weapons
 a - a +0 long sword (weapon)
Armour
 b - a +0 scale mail (melded)
 c - a +0 shield (worn)
 d - a +0 cloak (melded)
Jewellery
 g - a cursed -2 ring of protection (left branch)
 p - a ring of see invisible (right branch)
Scrolls
 k - a scroll of random uselessness
 n - a scroll of enchant weapon
 o - a scroll of fog {unknown}
 q - a scroll of immolation {unknown}
Potions
 j - a potion of lignification
Comestibles
 f - 6 rations


   Skills:
 + Level 4.5 Fighting
 * Level 3.7 Long Blades
 + Level 4.5 Armour
 + Level 4.4 Shields


You had 5 spell levels left.
You didn't know any spells.

Dungeon Overview and Level Annotations

Branches:
Dungeon (4/15)
 Temple: D:4-7

Altars:


Innate Abilities, Weirdness & Mutations

You are resistant to torment.
((Your stone body is resilient. (AC +4)))
You are immune to poison.
You resist negative energy. (rN+)
((You are resistant to electric shocks. (rElec)))
((You can survive without breathing.))
You are immune to petrification.
You are immune to rotting.


Message History

It was a potion of cancellation.
Your magical effects are unravelling.
You feel magically purged.
You feel less wooden.
Your +0 cloak unmelds from your body.
Your +0 scale mail unmelds from your body.
It was a potion of resistance.
You feel protected. You block the orc priest's attack.
It was a potion of brilliance.
You feel clever all of a sudden.
The orc priest hits you but does no damage.
You turn into a tree.
Your +0 cloak melds into your body.
Your +0 scale mail melds into your body.
Your roots penetrate the ground.
The orc priest hits you but does no damage.
You closely miss the orc priest.
The orc priest invokes the aid of Beogh against you.
Beogh smites you!
You die...

..
#####....
#.$.o....
#o###...o
#♣# . #.#
#.# #.#
#.# #.#
#.# ..#


You could see an orc priest.

Vanquished Creatures
  Crazy Yiuf (D:2)
  3 orc priests (D:4)
  A centaur skeleton (D:4)
  An orc wizard (D:4)
  2 adders
  An ooze (D:3)
  A worm (D:3)
  2 dart slugs
  4 leopard geckos
  3 orcs
  7 giant cockroaches
  11 goblins
  4 hobgoblins
  15 kobolds
  2 quokkas
  3 ball pythons
  9 bats
  10 rats
80 creatures vanquished.

Notes
Turn   | Place    | Note
-------+----------+-------------------------------------------
     0 | D:1      | vishdafish the Gargoyle Fighter began the quest for the Orb.
     0 | D:1      | Reached XP level 1. HP: 14/14 MP: 1/1
    68 | D:1      | Reached XP level 2. HP: 17/19 MP: 2/2
   204 | D:1      | Reached XP level 3. HP: 18/23 MP: 3/3
   973 | D:2      | Reached XP level 4. HP: 29/29 MP: 4/4
  1382 | D:2      | Found a runed door.
  1467 | D:2      | Noticed Crazy Yiuf
  1718 | D:2      | Killed Crazy Yiuf
  2042 | D:3      | Reached XP level 5. HP: 33/33 MP: 5/5
  2718 | D:4      | Reached XP level 6. HP: 38/39 MP: 6/6
  2759 | D:4      | HP: 2/58 [orc priest/divine providence (13)]
  2764 | D:4      | Killed from afar by an orc priest

Vault maps used:
D:1:      dpeg_arrival_connections, minmay_distorted
D:2:      kennysheep_pointless_box, corexii_hall_statues_u,
          minmay_crystal_water, hex_medium, kennysheep_cross_room, st_stairs_14,
          uniq_crazy_yiuf_cottage
D:3:      first_ration
D:4:      uniq_robin

Skill      XL: |  1  2  3  4  5 |
---------------+----------------+-----
Long Blades    | 2 3 |  3.7
Fighting       | 4 |  4.5
Armour         | 4 |  4.5
Shields        | 4 |  4.4

Action                   |  1- 3 |  4- 6 || total
-------------------------+-------+-------++-------
Melee: Long sword        |   133 |   144 ||   277
  Use: Scroll            |       |     5 ||     5
       Potion            |       |    10 ||    10
  Eat: Ration            |       |     1 ||     1
       Chunk             |       |     3 ||     3
Armor: Scale mail        |    57 |    74 ||   131
       Skin              |       |    10 ||    10
Dodge: Dodged            |    49 |    41 ||    90
Block: Shield            |    81 |    64 ||   145
       Rpst.: Long sword |    15 |     9 ||    24

Table legend:
 A = Spawn XP
 B = Non-spawn XP
 C = Spawn XP percentage of total XP
 D = Spawn monster count
 E = Non-spawn monster count
 F = Spawn count percentage of total count
 G = Total turns spent on level
                    A         B        C        D         E        F      G
               +---------+---------+-------+---------+---------+-------+---------
         Total |       0 |     411 |   0.0 |       0 |      80 |   0.0 |  2764
               +---------+---------+-------+---------+---------+-------+---------
           D:1 |       0 |      55 |   0.0 |       0 |      34 |   0.0 |   678
           D:2 |       0 |      84 |   0.0 |       0 |      18 |   0.0 |  1137
           D:3 |       0 |      60 |   0.0 |       0 |      20 |   0.0 |   865
           D:4 |       0 |     212 |   0.0 |       0 |       8 |   0.0 |    84
               +---------+---------+-------+---------+---------+-------+---------
